[Event "Live Chess"]
[Site "Chess.com"]
[Date "2023.05.21"]
[Round "-"]
[White "Bot_Boy"]
[Black "Mugzwang"]
[Result "0-1"]
[WhiteElo "332"]
[BlackElo "1458"]
[TimeControl "300"]
[EndTime "8:03:48 PDT"]
[Termination "Mugzwang won on time"]

1. Nf3 d5 2. e3 Nf6 3. d4 Bg4 4. Be2 e6 5. Ne5 Bxe2 6. Qxe2 Nbd7 7. Nxd7 Qxd7 8. O-O Bd6 9. Nc3 a6 10. Bd2 O-O 11. Rae1 c6 12. Qf3 Qc7 13. g3 Qb6 14. Na4 Qb5 15. b3 Bb4 16. Nc3 Bxc3 17. Bxc3 a5 18. a4 Qb6 19. Kh1 Ne4 20. Bb2 Nd2 21. Qg2 Nxf1 22. Rxf1 Qa6 23. h4 b5 24. c4 bxa4 25.
Ba3 Rfc8 26. b4 Qxc4 0-1

[Event "Live Chess"]
[Site "Chess.com"]
[Date "2023.05.21"]
[Round "-"]
[White "Mikhail_Golubev"]
[Black "Conradical12"]
[Result "1-0"]
[WhiteElo "2444"]
[BlackElo "1532"]
[TimeControl "300"]
[EndTime "8:03:49 PDT"]
[Termination "Mikhail_Golubev won by resignation"]

1. Na3 e5 2. Nc4 Nc6 3. e4 Bc5 4. Nf3 f5 5. Nfxe5 Nxe5 6. Nxe5 d6 7. Nd3 Bb6 8. exf5 Bxf5 9. Be2 Ne7 10. O-O O-O 11. Ne1 Ng6 12. d4 Qf6 13. Nf3 Rae8 14.
Bc4+ Kh8 15. Bg5 Bxc2 16. Qxc2 Qf5 17. Qxf5 Rxf5 18. Bd3 Rff8 19. Bxg6 hxg6 20. Rfe1 Rxe1+ 21. Rxe1 Rf5 22. Re8+ Kh7 23. h4 1-0

[Event "Live Chess"]
[Site "Chess.com"]
[Date "2023.05.21"]
[Round "-"]
[White "chessfiction"]
[Black "NotHarryV"]
[Result "1-0"]
[WhiteElo "2297"]
[BlackElo "1502"]
[TimeControl "300"]
[EndTime "8:03:50 PDT"]
[Termination "chessfiction won on time"]

1. e4 c6 2. d4 d5 3. Nc3 dxe4 4.
f3 exf3 5. Nxf3 Bg4 6. Bc4 e6 7. O-O Nf6 8. Bg5 Be7 9. Kh1 O-O 10. Qd2 Bxf3 11. Rxf3 c5 12. Rh3 cxd4 13. Ne2 Ne4 14. Bxe7 Nxd2 15. Bxd8 Nxc4 16. Be7 Re8 17. Bc5 Nxb2 18.
Bxd4 Nc4 19. Rb1 b6 20. Rc3 Nd6 21. Ng3 e5 22. Bg1 e4 23. Rd1 Nb7 24. Nxe4 Na6 25. Ng5 Nbc5 26. Rf3 f6 27. Nh3 Re2 28. c3 Rxa2 29. Nf4 Re8 30. Rg3 Ne4 31. Re3 Nac5 32. Rde1 Re5 33. h3 Nxc3 34. Rxe5 fxe5 35. Rxe5 N3e4 36.
Kh2 g5 37. Nd5 a5 38. Bxc5 Nxc5 39. Rxg5+ Kf7 40. Nxb6 Ne4 41. Re5 Nd6 42. Nd5 a4 43. Re7+ Kg6 44. Re6+ Kf5 45. Rxd6 a3 46. Nc3 Rc2 47.
Rd5+ Ke6 48. Rh5 Rxc3 49. Rh6+ Kf5 50. Rxh7 1-0

[Event "Live Chess"]
[Site "Chess.com"]
[Date "2023.05.21"]
[Round "-"]
[White "bedsdrout"]
[Black "Olisingapore"]
[Result "1/2-1/2"]
[WhiteElo "1659"]
[BlackElo "1785"]
[TimeControl "300"]
[EndTime "8:03:54 PDT"]
[Termination "Game drawn by agreement"]

1. e4 c5 2. Nf3 d6 3. d4 cxd4 4. Nxd4 Nf6 5. Nc3 a6 6. Nf3 e5 7. a4 Be6 8. Ng5 Qd7 9. Bd3 Be7 10. Be3 h6 11. Nxe6 fxe6 12. a5 Nc6 13. O-O O-O 14. Ra4 Bd8 15. Bb6 Bxb6 16. axb6 Rac8 17. Ne2 d5 18. c3 dxe4 19. Bxe4 Qxd1 20. Rxd1 Nxe4 21. Rxe4 Rcd8 22. Rxd8 Rxd8 23. f3 Kf7 24. Ng3 g6 25. Re2 Kf6 26. Ne4+ Kf5 27. Kf2 g5 28. Nc5 Na5 29.
b4 Nc4 30. Nxb7 Rb8 31. g4+ Kf6 32. Nc5 Nxb6 33. Ra2 Ra8 34. Rxa6 Rxa6 35. Nxa6 Nd5 36. c4 Nc7 37. Nxc7 Ke7 1/2-1/2

[Event "Live Chess"]
[Site "Chess.com"]
[Date "2023.05.21"]
[Round "-"]
[White "LanceMaster23"]
[Black "lateforthesky"]
[Result "1-0"]
[WhiteElo "1975"]
[BlackElo "2084"]
[TimeControl "300"]
[EndTime "8:03:56 PDT"]
[Termination "LanceMaster23 won by checkmate"]

1. Nf3 Nf6 2. d4 g6 3. Bf4 Bg7 4. e3 O-O 5. h3 d6 6. Be2 c5 7. c3 Nc6 8. Nbd2 cxd4 9. exd4 Nd5 10. Bg3 e5 11. dxe5 dxe5 12. O-O e4 13. Nxe4 f5 14. Bc4 Ne7 15. Nc5 Kh8 16. Bh4 Bf6 17.
Bxf6+ Rxf6 18. Re1 b6 19. Rxe7 Qxe7 20. Qxd5 Rb8 21. Qg8# 1-0

[Event "Live Chess"]
[Site "Chess.com"]
[Date "2023.05.21"]
[Round "-"]
[White "SimpleHarmonic1"]
[Black "Ra2orLeaf"]
[Result "1-0"]
[WhiteElo "2049"]
[BlackElo "1130"]
[TimeControl "300"]
[EndTime "8:03:57 PDT"]
[Termination "SimpleHarmonic1 won by resignation"]

1. e4 c5 2. Nf3 Nc6 3. Bb5 e6 4. Bxc6 bxc6 5. O-O d5 6. d3 Ne7 7. Nbd2 Ng6 8. Re1 Be7 9. Nf1 O-O 10. Ng3 Bb7 11. Bd2 Rb8 12. a3 Ba6 13. Rb1 c4 14. d4 c5 15. c3 cxd4 16. Nxd4 e5 17. Ndf5 d4 18. cxd4 exd4 19. Nxe7+ Qxe7 20. Bb4 Qd7 21. Bxf8 Rxf8 22. Nf5 d3 23. Ne3 Ne5 24.
Rc1 d2 25. Nd5 dxe1=Q+ 26. Qxe1 Nd3 27. Qd2 Nxc1 28. Nf6+ gxf6 29. Qxd7 Rc8 30. Qg4+ Kf8 31. Qh4 Ne2+ 32. Kf1 c3 33. bxc3 Rxc3 34. Ke1 Rc1+ 35. Kd2 Ra1 36. Qxf6 Rxa3 37. Qd6+ Kg8 38. Qxa3 Nf4 39.
Qxa6 Nxg2 40. Qc8+ Kg7 41. Qg4+ Kf8 42. Qxg2 1-0

[Event "Live Chess"]
[Site "Chess.com"]
[Date "2023.05.21"]
[Round "-"]
[White "McSlash1"]
[Black "therealab0ne"]
[Result "1-0"]
[WhiteElo "1995"]
[BlackElo "745"]
[TimeControl "300"]
[EndTime "8:04:24 PDT"]
[Termination "McSlash1 won by resignation"]

1. e4 c5 2. Nf3 Nc6 3. d4 cxd4 4. Nxd4 Nf6 5. Nc3 d6 6. Bc4 g6 7. Be3 Bg7 8. f3 O-O 9. Qd2 e5 10. Ndb5 Re8 11. O-O-O Be6 12. Bxe6 Rxe6 13. Nd5 Qa5 14. Qxa5 Nxa5 15. Nbc7 Rc8 16. Nxe6 fxe6 17. Ne7+ Kf7 18. Nxc8 Nc4 19. Nxd6+ Nxd6 20. Rxd6 Ke7 21. Rhd1 1-0

[Event "Live Chess"]
[Site "Chess.com"]
[Date "2023.05.21"]
[Round "-"]
[White "Hacker_2009"]
[Black "PaulyD81"]
[Result "1-0"]
[WhiteElo "1956"]
[BlackElo "1183"]
[TimeControl "300"]
[EndTime "8:04:34 PDT"]
[Termination "Hacker_2009 won by resignation"]

1. d4 Nf6 2. Nf3 e6 3. e3 Bb4+ 4. Bd2 Bxd2+ 5. Nbxd2 d5 6. c4 c5 7. cxd5 Qxd5 8. Bc4 Qc6 9. Qe2 b5 10. Bxb5 O-O 11.
Bxc6 Nxc6 12. O-O cxd4 13. Nxd4 e5 14. Nxc6 Bg4 15. f3 Bd7 16. Nxe5 1-0

[Event "Live Chess"]
[Site "Chess.com"]
[Date "2023.05.21"]
[Round "-"]
[White "YrrriKharkiv"]
[Black "SaraTang"]
[Result "1-0"]
[WhiteElo "2045"]
[BlackElo "138"]
[TimeControl "300"]
[EndTime "8:04:36 PDT"]
[Termination "YrrriKharkiv won - game abandoned"]

1. d4 d5 2. Nf3 Nf6 3. c4 dxc4 4. Nc3 e6 5. e4 Bb4 6. Bg5 Bxc3+ 7. bxc3 Nxe4 8.
Bxd8 O-O 9. Bxc7 Nd7 10. Qc2 Rd8 11. Qxe4 1-0

[Event "Live Chess"]
[Site "Chess.com"]
[Date "2023.05.21"]
[Round "-"]
[White "Dhaydon19"]
[Black "Biranidun"]
[Result "1/2-1/2"]
[WhiteElo "2689"]
[BlackElo "2524"]
[TimeControl "300"]
[EndTime "8:04:41 PDT"]
[Termination "Game drawn by repetition"]

1. d4 Nf6 2. Nf3 g6 3. g3 Bg7 4. Bg2 O-O 5. O-O d5 6. c3 c6 7. Re1 Bf5 8. Nbd2 Ne4 9. Nh4 Nxd2 10. Nxf5 Nc4 11. Nxg7 Kxg7 12. Qc2 f5 13. Bf4 Nd7 14. b3 Nd6 15. Qd2 Kg8 16. f3 Nf6 17. Rac1 Qd7 18.
c4 Qe6 19. c5 Nf7 20. Be3 Rae8 21. Bf2 Qd7 22. Qa5 a6 23. e3 e5 24. a4 e4 25. f4 h6 26. b4 Ra8 27. Bf1 g5 28. Be2 Kh7 29. Kh1 Rg8 30. Qb6 Qc8 31. Qa5 h5 32. Rg1 Ng4 33. Rg2 Rg6 34. Rcg1 Nf6 35. Qb6 Kh6 36. fxg5+ Nxg5 37. Rf1 Nh3 38. Bg1 Qd7 39. b5 axb5 40. axb5 h4 41. bxc6 bxc6 42. Bf2 Ra2 43. Bd1 Nxf2+ 44. Rgxf2 Rxf2 45. Rxf2 hxg3 46. hxg3 Rxg3 47. Rh2+ Kg5 48. Qb8 Rxe3 49. Rg2+ Ng4 50.
Qg8+ Kf6 51. Bxg4 Re1+ 52. Kh2 Qc7+ 53. Rg3 fxg4 54. Qh8+ Qg7 55. Qd8+ Qe7 56. Qh8+ Qg7 57. Qd8+ Qe7 58. Qh8+ Qg7 1/2-1/2

[Event "Live Chess"]
[Site "Chess.com"]
[Date "2023.05.21"]
[Round "-"]
[White "shohrehbayat"]
[Black "peleus16"]
[Result "1-0"]
[WhiteElo "2045"]
[BlackElo "1670"]
[TimeControl "300"]
[EndTime "8:04:42 PDT"]
[Termination "shohrehbayat won on time"]

1. e4 d5 2. exd5 Qxd5 3. Nc3 Qa5 4. Nf3 Nf6 5. Be2 Bf5 6. d3 e6 7. Be3 Be7 8. O-O O-O 9. Nd4 Bg6 10. f4 c5 11. Nb3 Qc7 12. Bf3 a6 13. Ne4 Nxe4 14.
dxe4 Rd8 15. Qe2 Nd7 16. f5 exf5 17. exf5 Bxf5 18. Bxb7 Qxb7 19. Rxf5 Nf6 20. Raf1 Rd5 21. Bxc5 Bxc5+ 22. Nxc5 Qb6 23. Rxd5 Nxd5 24. Qc4 Nf6 25. Kh1 Rc8 26. b4 a5 27. c3 axb4 28. cxb4 h6 29. a4 Qd6 30. Qf4 Qxf4 31. Rxf4 Re8 32. Kg1 Re1+ 33.
Kf2 Rb1 34. b5 Rb2+ 35. Kf3 Nd5 36. Rd4 1-0

[Event "Live Chess"]
[Site "Chess.com"]
[Date "2023.05.21"]
[Round "-"]
[White "Ed_Knox"]
[Black "MarkLim1"]
[Result "0-1"]
[WhiteElo "1471"]
[BlackElo "1727"]
[TimeControl "300"]
[EndTime "8:04:44 PDT"]
[Termination "MarkLim1 won by checkmate"]

1. d4 d5 2. Bf4 c6 3. e3 Nf6 4. Nf3 Bg4 5. Be2 e6 6. O-O Bd6 7. Bxd6 Qxd6 8. h3 Bh5 9. Nbd2 O-O 10. c3 c5 11. Bd3 Nc6 12. g4 Bg6 13. Bxg6 hxg6 14.
dxc5 Qxc5 15. Nd4 b5 16. N2b3 Qb6 17. Nxc6 Qxc6 18. Nd4 Qb6 19. Qe2 Rab8 20. f3 Rfc8 21. h4 b4 22. cxb4 Qxb4 23. Rf2 Ne8 24. h5 gxh5 25.
gxh5 Nd6 26. h6 g6 27. h7+ Kxh7 28. Rh2+ Kg7 29. Rh4 Qxb2 30. Qxb2 Rxb2 31. Rh2 Rxh2 32. Kxh2 Rc3 33. Re1 Kf6 34. f4 Nf5 35. Nxf5 Kxf5 36. Re2 Ke4 37. Rb2 Rxe3 38. Rb7 Ra3 39. Rb2 d4 40. Rf2 d3 41. Rd2 Ke3 42. f5 gxf5 43. Rd1 Rxa2+ 44. Kh1 f4 45. Rf1 f3 46. Rg1 f2 47.
Rg3+ Ke2 48. Rg2 d2 49. Rxf2+ Kxf2 50. Kh2 d1=Q 51. Kh3 Qh5# 0-1

[Event "Live Chess"]
[Site "Chess.com"]
[Date "2023.05.21"]
[Round "-"]
[White "mammamiatwo"]
[Black "MartinWalker4"]
[Result "0-1"]
[WhiteElo "1372"]
[BlackElo "2082"]
[TimeControl "300"]
[EndTime "8:04:44 PDT"]
[Termination "MartinWalker4 won by resignation"]

1. e4 Nf6 2. Qf3 Nc6 3. c3 e5 4. Bc4 Bc5 5. h3 O-O 6. Bb3 d5 7. exd5 e4 8. Qg3 Nxd5 9. Ne2 Be6 10. d4 exd3 11. Qxd3 Ne5 12. Qe4 Ng6 13. O-O Re8 14. Qf3 c6 15. Ng3 Qc7 16. Bc2 Rad8 17. b4 Bb6 18. Nd2 Nxc3 19. Qxc3 Bd4 20. Qb3 Bxb3 0-1

[Event "Live Chess"]
[Site "Chess.com"]
[Date "2023.05.21"]
[Round "-"]
[White "educatedlad"]
[Black "SupremeTactician"]
[Result "0-1"]
[WhiteElo "1625"]
[BlackElo "2210"]
[TimeControl "300"]
[EndTime "8:05:09 PDT"]
[Termination "SupremeTactician won by resignation"]

1. e4 e5 2. Nf3 Nc6 3. c3 d5 4. d4 dxe4 5. Nxe5 Nxe5 6. dxe5 Qxd1+ 7. Kxd1 Bg4+ 8. Be2 O-O-O+ 9. Nd2 Bf5 10. g4 Bg6 11. h4 h5 12. gxh5 Bf5 13. Ke1 Bc5 14. Nc4 Ne7 15. Be3 Bxe3 16. fxe3 Nc6 17. Rf1 g6 18. hxg6 Bxg6 19. Bg4+ Kb8 20. e6 fxe6 21. Bxe6 Rxh4 22. Ke2 Bh5+ 23. Kf2 Rh2+ 24. Kg3 Re2 25. Rad1 Re8 26. Bg4 Rg8 27. Rf4 b5 28. Kh3 Bxg4+ 29.
Rxg4 Rxg4 30. Kxg4 bxc4 31. Kf4 Rxb2 32. Kxe4 Rxa2 33.
Rb1+ Kc8 34. Rd1 Rc2 35. Kd5 Na5 36. Ra1 Nb3 37. Rxa7 Rxc3 38. Ra8+ Kb7 39. Ra4 Rxe3 40. Rxc4 c6+ 41. Kd6 Rd3+ 42. Ke5 Rd5+ 43. Kf6 Kb6 44.
Rb4+ Rb5 45. Rc4 Na5 46. Rd4 Rd5 47. Rb4+ Kc5 48. Ra4 Kb5 49. Re4 c5 50. Ke6 Rd2 51. Re5 Kb4 52. Re4+ c4 53. Re5 c3 54. Kf6 Nc4 55.
Re1 c2 56. Rc1 Kc3 57. Ke6 Rd1 58. Rxc2+ Kxc2 59. Kf5 Rd6 60. Ke4 Kd2 61. Kf4 Ke2 62. Kf5 0-1

[Event "Live Chess"]
[Site "Chess.com"]
[Date "2023.05.21"]
[Round "-"]
[White "Rusty_Bridges"]
[Black "luckywookie"]
[Result "1-0"]
[WhiteElo "1507"]
[BlackElo "811"]
[TimeControl "300"]
[EndTime "8:05:18 PDT"]
[Termination "Rusty_Bridges won by checkmate"]

1. e4 c6 2. d4 d5 3. exd5 cxd5 4. Nf3 Nc6 5. c3 Bg4 6. Bb5 e6 7. h3 Bxf3 8. Qxf3 Nf6 9. Bg5 Be7 10. Nd2 a6 11.
Bd3 h6 12. Bh4 g5 13. Bg3 Bd6 14. h4 Bxg3 15. Qxg3 Qe7 16. Nf3 O-O-O 17. Ne5 Nxe5 18. Qxe5 Ng4 19. Qg3 Nf6 20. hxg5 Ne4 21. Bxe4 dxe4 22.
Rxh6 Rxh6 23. gxh6 Rh8 24. Qe3 Qh4 25. O-O-O Rxh6 26. g3 Qg4 27. Qxh6 Qf3 28. Qe3 f5 29.
Qxf3 exf3 30. d5 e5 31. Kd2 Kd7 32. Ke3 Kd6 33. c4 b6 34. Kxf3 Kc5 35. b3 e4+ 36. Kf4 Kb4 37. Kxf5 Kc3 38. Kxe4 Kb2 39. Rd3 Kxa2 40. d6 Kb2 41. d7 b5 42. d8=Q bxc4 43. bxc4 a5 44. Qxa5 Kb1 45. Qd2 Ka1 46. Re3 Kb1 47.
Re1# 1-0

[Event "Live Chess"]
[Site "Chess.com"]
[Date "2023.05.21"]
[Round "-"]
[White "Crowded_House"]
[Black "ShanthamGrarks"]
[Result "0-1"]
[WhiteElo "1609"]
[BlackElo "1955"]
[TimeControl "300"]
[EndTime "8:05:25 PDT"]
[Termination "ShanthamGrarks won by resignation"]

1. d4 e6 2. Nf3 f5 3. Bg5 Be7 4. Bxe7 Qxe7 5. Ne5 Nf6 6. e3 d6 7. Nf3 O-O 8. Bd3 e5 9. dxe5 dxe5 10. Bc4+ Kh8 11.
O-O Nc6 12. Nc3 Be6 13. Bxe6 Qxe6 14. Ng5 Qe7 15. Nf3 Rad8 16. Qe2 e4 17. Nd2 Ng4 18. h3 Nge5 19. Nb3 Qg5 20. Kh1 Rf6 21. Rad1 Rdf8 22. f4 exf3 23. gxf3 Rh6 24. Qg2 Qxe3 25. Rde1 Qf4 26. Ne2 Qh4 27. Ng1 Ng6 28. Kh2 Nf4 29. Qg3 Qxg3+ 30. Kxg3 Ng6 31. Re2 Rh5 32. Rfe1 Rg5+ 33. Kh2 Nh4 34. Rf1 b6 35. f4 Rg6 36. Nf3 Nxf3+ 37. Rxf3 h6 38. Rfe3 Rd6 39. Re8 Rxe8 40. Rxe8+ Kh7 41. Re2 Nd4 42. Nxd4 Rxd4 43. Kg2 Kg6 44. Kf3 Kh5 45. c3 Rd3+ 46. Re3 Rxe3+ 47. Kxe3 Kh4 48. b4 Kxh3 49. c4 Kg4 50. a4 a5 51. bxa5 bxa5 52. c5 c6 53. Kd4 Kxf4 54.
Kc4 Ke4 0-1

[Event "Live Chess"]
[Site "Chess.com"]
[Date "2023.05.21"]
[Round "-"]
[White "jimwad"]
[Black "ranvir123"]
[Result "1-0"]
[WhiteElo "1218"]
[BlackElo "985"]
[TimeControl "300"]
[EndTime "8:05:25 PDT"]
[Termination "jimwad won by resignation"]

1. d4 e5 2. dxe5 Nc6 3. Nf3 Qe7 4. Bf4 Qb4+ 5. Nc3 Qxf4 6. e3 Qh6 7. Bd3 f6 8. exf6 Nxf6 9. Qe2 Bb4 10. O-O O-O 11. Ne4 Nxe4 12. Bxe4 Bd6 13. Bd5+ Kh8 14.
h3 Ne5 15. Nxe5 Bxe5 16. c3 d6 17. Rad1 Qg6 18. Kh1 c6 19. Bb3 Bxh3 20. gxh3 Qe4+ 21. f3 Qh4 22. f4 Qxh3+ 23. Qh2 Qxh2+ 24. Kxh2 1-0

[Event "Live Chess"]
[Site "Chess.com"]
[Date "2023.05.21"]
[Round "-"]
[White "defenderalist"]
[Black "AttackingSnowLeopard"]
[Result "0-1"]
[WhiteElo "1628"]
[BlackElo "2157"]
[TimeControl "300"]
[EndTime "8:05:34 PDT"]
[Termination "AttackingSnowLeopard won on time"]

1. e4 c6 2. Nf3 d5 3. exd5 cxd5 4.
d4 Bg4 5. Be2 Nf6 6. h3 Bxf3 7.
Bxf3 e6 8. c3 Nc6 9. Bg5 Be7 10. Nd2 O-O 11. O-O h6 12. Bh4 Rb8 13.
Qc2 b5 14. Be2 b4 15. c4 Nxd4 16. Qd1 Nf5 17. Bg3 Nxg3 18. fxg3 Bc5+ 19. Kh1 Qd6 20.
cxd5 Qxg3 21. dxe6 Bd6 22. Nf3 fxe6 23. Qe1 Qg6 24.
Bc4 Ne4 25. Kg1 Kh8 26. g4 Ng3 27. Qxe6 Qxe6 28. Bxe6 Nxf1 29. Rxf1 Rbe8 30. Bc4 Re3 31. Kg2 g5 32. b3 Kg7 33. Bd5 Re2+ 34. Rf2 Rxf2+ 35.
Kxf2 Rc8 36. Bc4 Bc5+ 37. Ke2 Re8+ 38. Kd2 Re3 39. Ng1 Rg3 40. Ne2 Rxh3 41. Nc1 Rh2+ 42. Kd3 Rh3+ 43. Ke4 Rg3 44. Kf5 Rf3+ 45. Ke6 Rf4 46.
Nd3 Rf6+ 47. Kd5 Bf8 48. Ne5 Rd6+ 49. Ke4 a5 50. Nf3 Rd1 51. Ne5 Ra1 52. Kf5 Rxa2 53. Nc6 Rf2+ 54. Ke6 Rf6+ 55. Kd7 Rd6+ 56. Kc7 Rd4 57.
Nxa5 Rxg4 58. Nc6 Rxc4 59. bxc4 b3 60. Nd4 b2 0-1

[Event "Live Chess"]
[Site "Chess.com"]
[Date "2023.05.21"]
[Round "-"]
[White "NatashaRegan"]
[Black "garyjc"]
[Result "1-0"]
[WhiteElo "1710"]
[BlackElo "1079"]
[TimeControl "300"]
[EndTime "8:05:41 PDT"]
[Termination "NatashaRegan won by resignation"]

1. Nf3 g6 2. d4 Nf6 3. Nc3 Bg7 4. e4 O-O 5. e5 Ne8 6. Bc4 d6 7. O-O b6 8. Qe2 Bb7 9. Ng5 e6 10. Bxe6 Bc8 11. Bd5 c6 12. Bxf7+ Rxf7 13. Nxf7 Kxf7 14. Ne4 dxe5 15. Ng5+ Kg8 16. dxe5 Bf5 17.
Bf4 Nd7 18. Qc4+ 1-0

[Event "Live Chess"]
[Site "Chess.com"]
[Date "2023.05.21"]
[Round "-"]
[White "JohanKjeldahl"]
[Black "LL220284LL"]
[Result "0-1"]
[WhiteElo "1889"]
[BlackElo "2233"]
[TimeControl "300"]
[EndTime "8:05:44 PDT"]
[Termination "LL220284LL won by resignation"]

1. c4 e6 2. Nc3 d5 3. d4 Nf6 4. Nf3 a6 5. e3 dxc4 6. Bxc4 b5 7. Bd3 Bb7 8. O-O Nbd7 9. a3 c5 10. dxc5 Bxc5 11. Be2 O-O 12. b4 Bb6 13. Bb2 Rc8 14.
Rc1 Qe7 15. Nd4 Rfd8 16. Bf3 Bxf3 17. Nxf3 Ne5 18. Qe2 Nc4 19. Rfd1 h6 20. h3 Ne8 21. Rxd8 Rxd8 22. Ne4 Ned6 23. Nxd6 Rxd6 24. Nd4 Qd7 25. Nb3 Qb7 26. Ra1 Qe4 27. Bd4 Bxd4 28. Nxd4 Rxd4 0-1

[Event "Live Chess"]
[Site "Chess.com"]
[Date "2023.05.21"]
[Round "-"]
[White "diana21strabt"]
[Black "CheckThis4"]
[Result "0-1"]
[WhiteElo "1735"]
[BlackElo "2530"]
[TimeControl "300"]
[EndTime "8:05:52 PDT"]
[Termination "CheckThis4 won by resignation"]

1. e4 d5 2. exd5 Nf6 3. Nc3 c6 4. dxc6 Nxc6 5. Bb5 e5 6. Nf3 Bg4 7. Bxc6+ bxc6 8. h3 Bh5 9. g4 Bg6 10. Nxe5 Bd6 11.
Nxc6 Qc7 12. Qe2+ Kf8 13. Nd4 Re8 14. Qxe8+ Kxe8 15. d3 h5 16. gxh5 Rxh5 17. Ndb5 Rxb5 18. Nxb5 Bb4+ 19. Bd2 Qc6 20. Nc7+ Kd7 21. O-O-O Bxd2+ 22. Rxd2 Qxh1+ 23. Rd1 Qc6 0-1

[Event "Live Chess"]
[Site "Chess.com"]
[Date "2023.05.21"]
[Round "-"]
[White "Shepherds_Pie"]
[Black "wadsy27"]
[Result "0-1"]
[WhiteElo "1937"]
[BlackElo "2539"]
[TimeControl "300"]
[EndTime "8:06:07 PDT"]
[Termination "wadsy27 won by checkmate"]

1. c4 c6 2. Nf3 d5 3. g3 Nf6 4.
Bg2 dxc4 5. O-O Nbd7 6. a4 Nc5 7.
Na3 Nb3 8. Rb1 Be6 9. Qc2 g6 10. Nxc4 Nd4 11. Nxd4 Qxd4 12. b3 Bg7 13. Bb2 Qd8 14.
Ne5 O-O 15. d3 a5 16. Rfc1 Nd5 17. Qd2 Nb4 18. Ba1 Qc7 19. Nc4 Bxa1 20. Rxa1 Rad8 21. Qh6 Rd5 22. Bxd5 cxd5 23. Ne3 Qb6 24. h4 Nc6 25. h5 Nd4 26. Ra2 Qxb3 27. Rca1 Nc6 28. Kg2 d4 29. Nc4 Bxc4 30. dxc4 Qxc4 31. Ra3 Qd5+ 32. f3 Ne5 33. Qg5 f6 34. Qd2 Nc4 35.
Qa2 Rc8 36. hxg6 hxg6 37. Rc1 Ne3+ 38. Kf2 Rxc1 39. Qd2 Rf1# 0-1

[Event "Live Chess"]
[Site "Chess.com"]
[Date "2023.05.21"]
[Round "-"]
[White "LaupMiths"]
[Black "wot-not"]
[Result "1-0"]
[WhiteElo "1820"]
[BlackElo "1521"]
[TimeControl "300"]
[EndTime "8:06:09 PDT"]
[Termination "LaupMiths won by resignation"]

1. d4 e6 2. c4 d5 3. Nc3 dxc4 4. e4 Bb4 5. Bxc4 Bxc3+ 6. bxc3 Ne7 7. Nf3 O-O 8. O-O Nd7 9. e5 Nb6 10. Bd3 Ng6 11. h4 Bd7 12. h5 Nh8 13. Bc2 f6 14. exf6 Qxf6 15. Bg5 Qf7 16. h6 Ng6 17. Qd3 Qf5 18.
Qe2 Qg4 19. Bd2 Bc6 20. hxg7 Rxf3 21. Bb3 Nf4 22. Bxf4 Rxf4 23. Bxe6+ Kxg7 24. Bxg4 1-0

[Event "Live Chess"]
[Site "Chess.com"]
[Date "2023.05.21"]
[Round "-"]
[White "davigator"]
[Black "WelshTiger"]
[Result "1-0"]
[WhiteElo "2302"]
[BlackElo "2334"]
[TimeControl "300"]
[EndTime "8:06:32 PDT"]
[Termination "davigator won by resignation"]

1. e4 c5 2. Nf3 d6 3. d4 cxd4 4. Nxd4 Nf6 5. Nc3 Nc6 6. Bg5 Bd7 7. Nb3 e6 8. f3 Be7 9. Qd2 a5 10. a4 Nb4 11. h4 d5 12. e5 Ng8 13. Bxe7 Nxe7 14. Bb5 Rc8 15. Bxd7+ Qxd7 16. Rc1 Qc7 17. f4 Qb6 18. Nb5 O-O 19. c3 Nbc6 20. Ke2 Na7 21. N3d4 Nxb5 22. axb5 f6 23. exf6 Rxf6 24. g3 Nf5 25. Qd3 Nd6 26. Rhe1 Ne4 27. Kf3 Rcf8 28.
Rxe4 dxe4+ 29. Qxe4 Qd6 30. Ke3 Re8 31. Kd3 b6 32.
Re1 Rg6 33. Re3 Qc5 34. Qc6 Rc8 35. Qxc5 Rxc5 36. c4 Kf7 37. b3 Rc8 38. Nc6 Rf6 39.
Ne5+ Ke7 40. Kc3 Rc7 41. b4 axb4+ 42. Kxb4 h6 43. Nc6+ Ke8 44. h5 Kf7 45. Ne5+ Ke7 46. Nc6+ Kf8 47. Ra3 Rf5 48. Ra8+ Kf7 49. Ne5+ Ke7 50.
g4 Rxe5 51. fxe5 Rc5 52. Ra6 Rxe5 53. Rxb6 Re4 54. Rb7+ Kf6 55. Rc7 Rxg4 56. b6 Rg1 57. b7 Rb1+ 58. Kc5 Ke5 59. Kc6 Kd4 60. Rxg7 Kxc4 61.
Kc7 e5 62. Rg6 e4 63. Rxh6 e3 64. Re6 Kd3 65. b8=Q Rxb8 66. Kxb8 1-0

[Event "Live Chess"]
[Site "Chess.com"]
[Date "2023.05.21"]
[Round "-"]
[White "HonestJoe1"]
[Black "WilliamofOrange16th"]
[Result "1-0"]
[WhiteElo "2097"]
[BlackElo "1852"]
[TimeControl "300"]
[EndTime "8:06:36 PDT"]
[Termination "HonestJoe1 won by checkmate"]

1. d4 d5 2. Nf3 Nf6 3. c4 c6 4. g3 a6 5. Bg2 dxc4 6. O-O Bf5 7. Ne5 e6 8. Nxc4 Be7 9. Nc3 O-O 10. e4 Bg6 11. Bf4 b5 12. Ne5 c5 13. Nxg6 hxg6 14.
dxc5 Bxc5 15. e5 Nd5 16. Nxd5 exd5 17. Bxd5 Ra7 18. e6 fxe6 19. Bxe6+ Kh7 20. Qg4 g5 21.
Bxg5 Qd4 22. Qh5# 1-0

[Event "Live Chess"]
[Site "Chess.com"]
[Date "2023.05.21"]
[Round "-"]
[White "LanceMaster23"]
[Black "MartynColebrook"]
[Result "1-0"]
[WhiteElo "1975"]
[BlackElo "1223"]
[TimeControl "300"]
[EndTime "8:06:51 PDT"]
[Termination "LanceMaster23 won by resignation"]

1. Nf3 Nf6 2. d4 g6 3. Bf4 Bg7 4. e3 d6 5. h3 Nc6 6. Be2 O-O 7.
c3 Nd5 8. Bg3 f5 9. Bc4 Be6 10.
Ng5 Qd7 11. Nxe6 Qxe6 12. Qb3 Na5 13. Bxd5 Nxb3 14. Bxe6+ Kh8 15. axb3 Rf6 16. Bd5 e6 17.
Bxb7 Rb8 18. Rxa7 Rff8 1-0

[Event "Live Chess"]
[Site "Chess.com"]
[Date "2023.05.21"]
[Round "-"]
[White "domrobson"]
[Black "Doge_Dandolo"]
[Result "1-0"]
[WhiteElo "1778"]
[BlackElo "1856"]
[TimeControl "300"]
[EndTime "8:06:57 PDT"]
[Termination "domrobson won by resignation"]

1. d4 d5 2. c4 c6 3. Nf3 Nf6 4. Nc3 a6 5. e3 Bf5 6. Qb3 Ra7 7. cxd5 cxd5 8. Ne5 Nbd7 9. Nxd5 Nxe5 10. Nxf6+ exf6 11. dxe5 fxe5 12. Bc4 b5 13. Be2 Be7 14. O-O O-O 15. Rd1 Rd7 16. Rxd7 Qxd7 17. Qd1 Rd8 18. Qxd7 Rxd7 19.
Kf1 Bd3 20. Ke1 Bb4+ 21. Bd2 Bxd2+ 22. Kxd2 Bxe2+ 23. Kxe2 f6 24. Rc1 Kf7 25. Rc6 Ra7 26. b4 a5 27. bxa5 Rxa5 28. Rc2 e4 29. Rb2 Ke6 30.
Kd2 Kd5 31. Kc3 Kc5 32. Kb3 b4 33. Rc2+ Kb5 34. Rd2 Ra3+ 35. Kb2 Rd3 36. Rc2 h5 37. Kc1 h4 38. g3 hxg3 39. hxg3 Ka4 40. Rc7 Rc3+ 41.
Rxc3 bxc3 42. Kc2 Kb4 43. a4 Kxa4 44. Kxc3 Kb5 45. Kd4 Kc6 46. Kxe4 Kd6 47. Kf5 Ke7 48.
Kg6 Kf8 49. g4 Kg8 50. f4 Kh8 51. e4 Kg8 52. e5 fxe5 53. fxe5 Kf8 54. e6 Ke7 55. Kxg7 Kxe6 56. Kh6 Kf7 57. Kh7 Kf6 58. Kh6 Kf7 59. g5 Kg8 60. Kg6 Kh8 61. Kf7 1-0

[Event "Live Chess"]
[Site "Chess.com"]
[Date "2023.05.21"]
[Round "-"]
[White "educatedlad"]
[Black "Rusty_Bridges"]
[Result "0-1"]
[WhiteElo "1614"]
[BlackElo "1524"]
[TimeControl "300"]
[EndTime "8:07:13 PDT"]
[Termination "Rusty_Bridges won by resignation"]

1. e4 d6 2. d4 Nf6 3. Nc3 Nbd7 4.
f4 e5 5. Nf3 exd4 6. Qxd4 Be7 7.
e5 dxe5 8. fxe5 Ng8 9. Bc4 Nb6 10. Bxf7+ Kxf7 11. Qxd8 Bxd8 12. O-O Ke8 13. Bg5 Bxg5 14.
Nxg5 Ne7 15. e6 0-1

[Event "Live Chess"]
[Site "Chess.com"]
[Date "2023.05.21"]
[Round "-"]
[White "zdanevych"]
[Black "PantherCal"]
[Result "0-1"]
[WhiteElo "1461"]
[BlackElo "1858"]
[TimeControl "300"]
[EndTime "8:07:26 PDT"]
[Termination "PantherCal won by checkmate"]

1. d4 d5 2. c4 c6 3. Nc3 Nf6 4. Nf3 Bf5 5. h3 e6 6. Bg5 Nbd7 7. e3 Be7 8. Bd3 O-O 9. Bxf5 exf5 10. O-O Ne4 11.
Bf4 Ndf6 12. cxd5 Nxd5 13. Nxd5 cxd5 14. Rc1 Rc8 15. Qd3 Qd7 16. Ne5 Qe6 17. f3 Nd6 18. g4 fxg4 19. Nxg4 Nc4 20. b3 Nd6 21. Kh2 Rxc1 22.
Rxc1 Rc8 23. Rg1 Kh8 24. Qe2 Qf5 25. Qg2 Rc2 26. Nf2 g6 27. Be5+ Kg8 28. Kh1 f6 29. Bh2 Nf7 30. Qg4 Qxg4 31. Nxg4 Kg7 32. e4 dxe4 33. fxe4 Ng5 34. e5 Nxh3 35. Rf1 f5 36. Ne3 Re2 37. Nd5 Bg5 38. Nf6 Nf2+ 39. Kg1 Be3 40. Bg3 Ne4+ 41. Kh1 Nxg3# 0-1